 Dungeon Sprint DCSS version 0.20.1-1-g8b1a95d (webtiles) character file.

9081 dvd the Brawler (level 11, -9/175 (180) HPs)
             Began as a Troll Berserker on Dec 10, 2017.
             Was a High Priest of Trog.
             Mangled by a sphinx (13 damage)
             ... while paralysed by a sphinx
             ... in the Dungeon (Sprint II: "The Violet Keep of Menkaure").
             The game lasted 00:14:25 (1459 turns).

dvd the Brawler (Troll Berserker)                   Turns: 1459, Time: 00:14:26

HP:   -9/175 (180)  AC:  7    Str: 32    XL:     11   Next: 18%
MP:   10/10         EV:  1    Int:  9    God:    Trog [*****.]
Gold: 820           SH:  0    Dex: 12    Spells: 10/10 levels left

rFire    . . .     SeeInvis .     - Unarmed
rCold    + . .     Gourm    +   (no shield)
rNeg     . . .     Faith    .   r - +0 troll leather armour
rPois    .         Spirit   .   (helmet restricted)
rElec    .         Reflect  .   y - scarf {repulsion}
rCorr    .         Harm     .   (gloves unavailable)
MR       +....     NoTele   +   (boots unavailable)
Stlth    ..........             l - amulet of regeneration
Regen    1.6/turn               j - ring of Tuefeh {+Blink MR+ Int+6}
MPRegen  0.2/turn               D - ring of protection from cold

@: paralysed, berserking, repel missiles
A: unfitting armour, claws 3, fast metabolism 3, gourmand, regeneration 1,
shaggy fur 1, tough skin 2
a: Berserk, Trog's Hand, Brothers in Arms, Burn Spellbooks, Renounce Religion,
Evoke Blink


You were in the Dungeon.
You worshipped Trog.
Trog was extremely pleased with you.
You were not hungry.

You visited 1 branch You collected 1769 gold pieces.
You spent 949 gold pieces at shops.

Inventory:

Hand Weapons
 i - a +7 glaive of freezing
 n - a +1 fustibalus of flaming
Missiles
 k - 9 large rocks (quivered)
 m - 3 steel javelins
 F - 18 sling bullets
Armour
 a - a +0 animal skin
 r - a +0 troll leather armour (worn)
 y - a scarf of repulsion (worn)
Jewellery
 j - the ring of Tuefeh (left claw) {+Blink MR+ Int+6}
   (You bought it in a shop in the Dungeon)

   [ring of protection from magic]

   It affects your intelligence (+6).
   It affects your resistance to hostile enchantments.
   It lets you blink.
 l - an amulet of regeneration (around neck)
 D - a ring of protection from cold (right claw)
Scrolls
 h - a scroll of blinking
 t - 2 scrolls of identify
 B - 3 scrolls of remove curse
Potions
 c - 3 potions of curing
 d - a potion of heal wounds
 e - 4 potions of haste
 f - 5 potions of magic
 g - 2 potions of berserk rage
 o - 5 potions of flight
 p - a potion of ambrosia
 q - 5 potions of lignification {unknown}
 u - 3 potions of resistance {unknown}
 v - a potion of invisibility {unknown}
Comestibles
 b - 3 bread rations
 w - a royal jelly
 A - 2 fruits


   Skills:
 + Level 11.1 Fighting
 + Level 2.1 Throwing
 + Level 11.6 Dodging
 + Level 3.6 Stealth
 + Level 18.4 Unarmed Combat


You had 10 spell levels left.
You didn't know any spells.

Dungeon Overview and Level Annotations

Branches:
Dungeon (1/1)

Altars:
Cheibriados
Dithmenos
Elyvilon
Fedhas
Gozag
Hepliaklqana
Kikubaaqudgha
Makhleb
Nemelex Xobeh
Okawaru
Qazlal
Ru
Sif Muna
Trog
Uskayaw
Vehumet
Xom
Yredelemnul
Zin
The Shining One
Beogh
Jiyva
Lugonu

Shops:
D :([:(![=}!%%?(=!

Annotations:
D exclusion: oklob plant


Innate Abilities, Weirdness & Mutations

You are too large for most types of armour.
You have claws for hands.
Your metabolism is lightning-fast.
You like to eat raw meat.
Your natural rate of healing is unusually fast.
You are covered in fur. (AC +1)
You have very tough skin. (AC +2)


Message History

The sphinx mumbles some strange words.
You suddenly lose the ability to move!
The sphinx hits you but does no damage. The sphinx hits you. x2
The sphinx casts a spell.
You resist with some effort.
The sphinx mumbles some strange words.
You resist with some effort.
The sphinx mumbles some strange words.
The sphinx is healed somewhat.
The sphinx hits you!!
* * * LOW HITPOINT WARNING * * *
The sphinx hits you but does no damage. The sphinx hits you.
* * * LOW HITPOINT WARNING * * *
The sphinx hits you!
* * * LOW HITPOINT WARNING * * *
The sphinx hits you!
* * * LOW HITPOINT WARNING * * *
The sphinx hits you.
* * * LOW HITPOINT WARNING * * *
The sphinx hits you!
You die...

.#▓......).▓▓,,,*,*,*≈,,≈*,*
##▓▓▓▓▓▓▓'▓▓▓▓+▓*,***≈,,≈***
≈≈≈≈≈≈≈≈≈...≈≈≈▓,,,,,,,,**
#######'###.≈≈≈▓,,,,,,,**
_..._.#§§§##≈≈≈▓,,,,,,**
._._..#§≈§§####▓▓▓▓▓≈**
_._._.#§≈≈§§##..#$$▓≈*
._._._#≈§§§§≈#..#H.▓≈*
_._._.#§§≈≈§§'..@H$▓≈*
._._._#≈≈§§≈§#..#$.▓≈*
.._._.#≈§§≈§§▓..#$$▓≈*
..._._#§≈≈≈▓▓▓▓▓▓▓▓▓≈*
#######§§§≈▓,,,≈≈≈≈≈≈*
≈≈≈≈≈≈≈≈≈§≈▓z,,≈≈≈≈≈≈*
**#####≈▓▓▓▓▓****≈≈≈≈*
,,,,,,#▓*≈≈≈≈≈≈≈**≈≈≈*
,,,,,,**≈≈≈≈≈≈≈≈≈**≈≈*


You could see 2 sphinxes.

Vanquished Creatures
  Kirke (D)
  A crystal guardian (D)
  A yaktaur captain (D)
  A skeletal warrior (D)
  2 death drakes (D)
  2 deep trolls (D)
  An elephant (D)
  A yaktaur (D)
  A kobold demonologist (D)
  2 polar bears (D)
  A hornet (D)
  2 hippogriffs (D)
  2 redbacks (D)
  Menkaure (D)
  3 soldier ants (D)
  2 swamp drakes (D)
  4 necrophages (D)
  3 crocodiles (D)
  4 worker ants (D)
  A hell rat (D)
  3 worms (D)
  A spectral bat (D)
  A tentacle (D)
41 creatures vanquished.

Vanquished Creatures (collateral kills)
  A kraken (D)
  A centaur warrior (D)
  A polar bear (D)
  3 tentacles (D)
6 creatures vanquished.

Vanquished Creatures (others)
  A crocodile (D)
  A spectral quokka (D)
  2 tentacles (D)
4 creatures vanquished.

Grand Total: 51 creatures vanquished

Notes
Turn   | Place    | Note
-------+----------+-------------------------------------------
     0 | D        | dvd the Troll Berserker began the quest for the Orb.
     0 | D        | Reached XP level 1. HP: 22/22 MP: 0/0
     1 | D        | Noticed a worker ant
     1 | D        | Noticed a worker ant
     1 | D        | Noticed a worker ant
     1 | D        | Noticed a worker ant
     5 | D        | Killed a worker ant
     5 | D        | Reached skill level 4 in Unarmed Combat
     5 | D        | Reached XP level 2. HP: 31/31 MP: 1/1
     7 | D        | Reached skill level 5 in Unarmed Combat
     7 | D        | Reached XP level 3. HP: 39/39 MP: 2/2
     9 | D        | Reached ** piety under Trog
     9 | D        | Reached XP level 4. HP: 49/49 MP: 3/3
    11 | D        | Reached skill level 6 in Unarmed Combat
    32 | D        | Killed a crocodile
    46 | D        | Noticed Menkaure
    47 | D        | Found Cemej's Distillery.
    51 | D        | Killed Menkaure
    51 | D        | Reached skill level 5 in Fighting
    51 | D        | Reached skill level 7 in Unarmed Combat
    51 | D        | Reached XP level 5. HP: 39/59 MP: 4/4
    87 | D        | Noticed a necrophage
    87 | D        | Noticed a necrophage
    87 | D        | Noticed a necrophage
    87 | D        | Noticed a necrophage
    96 | D        | Killed a necrophage
    96 | D        | Reached *** piety under Trog
    96 | D        | Reached skill level 8 in Unarmed Combat
    96 | D        | Reached XP level 6. HP: 67/67 MP: 5/5
    98 | D        | Reached skill level 9 in Unarmed Combat
   112 | D        | Reached skill level 10 in Unarmed Combat
   112 | D        | Reached XP level 7. HP: 51/76 MP: 6/6
   239 | D        | Reached **** piety under Trog
   257 | D        | Noticed a hippogriff
   257 | D        | Noticed a hippogriff
   260 | D        | Killed a hippogriff
   263 | D        | Killed a hippogriff
   263 | D        | Reached skill level 11 in Unarmed Combat
   280 | D        | Found Sukeimn's Jewellery Shoppe.
   280 | D        | Found Fojailae's Food Shoppe.
   280 | D        | Found Teydan Naosu's Antique Weapon Shoppe.
   280 | D        | Found Puinu's Antique Armour Emporium.
   280 | D        | Found Voifior's Food Emporium.
   281 | D        | Found Piraplun's Jewellery Emporium.
   281 | D        | Found Liaph's Distillery.
   281 | D        | Found Wucs's Gadget Emporium.
   281 | D        | Found Paisk's Weapon Shoppe.
   281 | D        | Found Dauz's Book Emporium.
   282 | D        | Found Toffam's Antique Armour Shoppe.
   282 | D        | Found Ucliexyr's Antique Weapon Emporium.
   282 | D        | Noticed a yak
   283 | D        | Found Umedooz's Magic Scroll Shoppe.
   283 | D        | Found Urumojacev's Distillery.
   283 | D        | Noticed a yak
   284 | D        | Noticed an oklob plant
   284 | D        | Noticed a polar bear
   285 | D        | Found Hint's Book Shoppe.
   286 | D        | Noticed a yak
   289 | D        | Noticed a polar bear
   303 | D        | Noticed a hippogriff
   304 | D        | Noticed a hippogriff
   306 | D        | Noticed a hippogriff
   316 | D        | Bought the ring of Tuefeh {+Blink MR+ Int+6} for 619 gold pieces
   363 | D        | Noticed a flying skull
   363 | D        | Noticed a flying skull
   363 | D        | Noticed a flying skull
   363 | D        | Noticed a flying skull
   364 | D        | Noticed a flying skull
   364 | D        | Noticed a flying skull
   365 | D        | Noticed a flying skull
   365 | D        | Noticed a flying skull
   365 | D        | Noticed a flying skull
   366 | D        | Noticed a flying skull
   366 | D        | Noticed a flying skull
   366 | D        | Noticed a flying skull
   366 | D        | Received a gift from Trog
   406 | D        | Bought an uncursed amulet of regeneration for 330 gold pieces
   414 | D        | Noticed Kirke
   414 | D        | Noticed a kobold demonologist
   415 | D        | Noticed a skeletal warrior
   416 | D        | Noticed a manticore
   437 | D        | Noticed a manticore
   444 | D        | Killed Kirke
   444 | D        | Reached ***** piety under Trog
   444 | D        | Reached skill level 13 in Unarmed Combat
   444 | D        | Reached XP level 8. HP: 58/90 MP: 7/7
   444 | D        | Reached XP level 9. HP: 62/96 MP: 8/8
   449 | D        | Killed a skeletal warrior
   449 | D        | Received a gift from Trog
   449 | D        | Reached skill level 1 in Stealth
   455 | D        | Killed a kobold demonologist
   487 | D        | Noticed an elephant
   497 | D        | Killed an elephant
   497 | D        | Reached skill level 10 in Dodging
   497 | D        | Reached skill level 14 in Unarmed Combat
   499 | D        | Noticed a centaur warrior
   506 | D        | Killed a centaur warrior
   557 | D        | Noticed a yaktaur captain
   568 | D        | Killed a yaktaur captain
   568 | D        | Reached skill level 10 in Fighting
   568 | D        | Reached skill level 15 in Unarmed Combat
   645 | D        | Found a roughly hewn altar of Beogh.
   646 | D        | Found a hazy altar of Hepliaklqana.
   646 | D        | Found a snail-covered altar of Cheibriados.
   647 | D        | Found a stormy altar of Qazlal.
   647 | D        | Found a viscous altar of Jiyva.
   647 | D        | Found a shadowy altar of Dithmenos.
   648 | D        | Found a sacrificial altar of Ru.
   648 | D        | Found an ancient bone altar of Kikubaaqudgha.
   648 | D        | Found a white marble altar of Elyvilon.
   649 | D        | Found a deep blue altar of Sif Muna.
   649 | D        | Found a corrupted altar of Lugonu.
   650 | D        | Found a shimmering altar of Xom.
   650 | D        | Found a bloodstained altar of Trog.
   650 | D        | Found a burning altar of Makhleb.
   651 | D        | Found a glowing golden altar of the Shining One.
   651 | D        | Found a basalt altar of Yredelemnul.
   651 | D        | Found a hide-covered altar of Uskayaw.
   653 | D        | Noticed a polar bear
   653 | D        | Found a glowing silver altar of Zin.
   653 | D        | Found a radiant altar of Vehumet.
   653 | D        | Found a blossoming altar of Fedhas.
   653 | D        | Found a sparkling altar of Nemelex Xobeh.
   653 | D        | Noticed a polar bear
   654 | D        | Noticed a polar bear
   654 | D        | Found an opulent altar of Gozag.
   654 | D        | Found an iron altar of Okawaru.
   654 | D        | Noticed a yaktaur
   660 | D        | Killed a polar bear
   661 | D        | Reached XP level 10. HP: 43/108 MP: 9/9
   663 | D        | Received a gift from Trog
   742 | D        | Reached skill level 16 in Unarmed Combat
   805 | D        | Noticed a deep elf master archer
  1030 | D        | Noticed a death drake
  1031 | D        | Noticed a death drake
  1033 | D        | Received a gift from Trog
  1034 | D        | Noticed a crystal guardian
  1037 | D        | Killed a death drake
  1037 | D        | Received a gift from Trog
  1039 | D        | Killed a crystal guardian
  1039 | D        | Reached skill level 1 in Throwing
  1039 | D        | Reached skill level 17 in Unarmed Combat
  1044 | D        | Killed a death drake
  1196 | D        | Noticed a kraken
  1207 | D        | Killed a kraken
  1207 | D        | Reached XP level 11. HP: 51/116 MP: 10/10
  1363 | D        | Reached skill level 18 in Unarmed Combat
  1402 | D        | Noticed a deep troll
  1403 | D        | Noticed a deep troll
  1406 | D        | Killed a deep troll
  1406 | D        | Received a gift from Trog
  1408 | D        | Killed a deep troll
  1450 | D        | Noticed a sphinx
  1450 | D        | Noticed a sphinx
  1456 | D        | Paralysed by a sphinx for 7 turns
  1459 | D        | HP: 4/175 [sphinx (6)]
  1459 | D        | Mangled by a sphinx

Skill      XL: |  1  2  3  4  5  6  7  8  9 10 11 |
---------------+----------------------------------+-----
Fighting       | 3 4 5 6 7 9 10 11 | 11.1
Dodging        | 3 4 6 7 9 10 11 | 11.6
Unarmed Combat | 4 5 7 8 10 13 15 17 18 | 18.4
Stealth        | 1 3 |  3.6
Throwing       | 1 2 |  2.1

Action                   |  1- 3 |  4- 6 |  7- 9 | 10-12 || total
-------------------------+-------+-------+-------+-------++-------
Melee: Unarmed           |     5 |    26 |    51 |    48 ||   130
       Punch             |     1 |       |     5 |     5 ||    11
Throw: Large rock        |       |       |     1 |     4 ||     5
Invok: Berserk           |     1 |     1 |     1 |     3 ||     6
       Brothers in Arms  |       |       |     2 |     1 ||     3
  Use: Potion            |       |       |       |     1 ||     1
       Scroll            |       |       |       |     7 ||     7
 Stab: Sleeping          |       |       |     1 |       ||     1
       Distracted        |       |       |     1 |       ||     1
  Eat: Chunk             |       |     5 |     9 |     3 ||    17
Armor: Animal skin       |       |     5 |     6 |     2 ||    13
       Troll leather arm |       |       |       |     4 ||     4
Dodge: Dodged            |       |    14 |    24 |    32 ||    70
